 Dungeon Crawl Stone Soup version 0.18.1-8-gdd0e5ea (webtiles) character file.

3047 Gagarin the Cruncher (level 9, -2/81 HPs)
             Began as a Minotaur Gladiator on May 29, 2016.
             Was an Initiate of Qazlal.
             Killed from afar by Britaniac's ghost (23 damage)
             ... with a stone arrow
             ... on level 8 of the Dungeon on May 31, 2016.
             The game lasted 00:25:14 (8628 turns).

Gagarin the Cruncher (Minotaur Gladiator)           Turns: 8628, Time: 00:25:14

Health: -2/81      AC:  8    Str: 19    XL:     9   Next: 56%
Magic:  8/8        EV: 15    Int:  8    God:    Qazlal [......]
Gold:   442        SH:  0    Dex: 12    Spells: 1 memorised, 8 levels left

rFire  . . .     SeeInvis .     P - +2 quarterstaff (chaos)
rCold  . . .     Gourm    .     b - +0 leather armour
rNeg   . . .     Faith    .     (shield currently unavailable)
rPois  .         Spirit   .     c - +0 hat
rElec  .         Dismiss  .     Q - +2 cloak
rCorr  .         Reflect  .     (no gloves)
SustAt .         Harm     .     m - +0 pair of boots
MR     +....                    (no amulet)
Stlth  +++.......               o - ring of stealth
                                g - ring of protection from magic

@: somewhat resistant to hostile enchantments, fairly stealthy
A: retaliatory headbutt, horns 2
a: Renounce Religion


You were on level 8 of the Dungeon.
You worshipped Qazlal.
Qazlal was noncommittal.
You were not hungry.

You visited 2 branches of the dungeon, and saw 9 of its levels.
You also visited: Sewer.

You collected 442 gold pieces.

Inventory:

Hand Weapons
 a - a +0 quarterstaff
 h - a +0 hunting sling
 v - a +1 spear of venom
 P - a +2 quarterstaff of chaos (weapon)
Missiles
 j - a throwing net (quivered)
Armour
 b - a +0 leather armour (worn)
 c - a +0 hat (worn)
 m - a +0 pair of boots (worn)
 Q - a +2 cloak (worn)
Magical Staves
 w - an uncursed staff of conjuration
Jewellery
 g - a ring of protection from magic (left hand)
 o - a ring of stealth (right hand)
 J - the ring "Rojidgh" {SustAt rElec rC+ Dex-2}
   (You found it on level 5 of the Dungeon)

   [ring of sustain attributes]

   It sustains your strength, intelligence and dexterity.
   It affects your dexterity (-2).
   It protects you from cold.
   It insulates you from electricity.
Wands
 L - a wand of acid (14/15)
Scrolls
 e - 5 scrolls of identify
 n - 2 scrolls of fear
 u - 2 scrolls of magic mapping
 y - a scroll of fog {unknown}
 A - 6 scrolls of remove curse
 C - a scroll of recharging
 D - a scroll of blinking
 E - a scroll of noise
 M - a scroll of teleportation {unknown}
Potions
 d - a potion of haste
 i - a potion of curing
 k - 2 potions of brilliance
 l - a potion of resistance
 q - a potion of cancellation {unknown}
 r - a potion of magic {unknown}
 s - a potion of heal wounds {unknown}
 t - a potion of might {unknown}
 x - 2 potions of ambrosia {unknown}
 z - a potion of agility {unknown}
 F - 3 potions of flight {unknown}
 H - a potion of lignification {unknown}
Books
 G - a book of Minor Magic

   Spells                             Type                      Level
   a - Magic Dart                     Conjuration                  1
   b - Blink                          Translocation                2
   c - Call Imp                       Summoning                    2
   d - Repel Missiles                 Charms/Air                   2
   e - Slow                           Hexes                        2
   f - Conjure Flame                  Conjuration/Fire             3
   g - Mephitic Cloud                 Conjuration/Poison/Air       3
 I - an Akashic Record

   Spells                             Type                      Level
   a - Dispersal                      Translocation                6
   b - Malign Gateway                 Summoning/Translocation      7
   c - Disjunction                    Translocation                8
   d - Controlled Blink               Translocation                8
Comestibles
 f - 6 bread rations
 p - 4 beef jerkies
 B - 4 fruits
 K - 3 meat rations
 O - 7 slices of pizza


   Skills:
 + Level 7.9 Fighting
 + Level 8.9 Staves
 + Level 2.3 Throwing
 + Level 5.3 Armour
 + Level 7.9 Dodging
 + Level 4.1 Stealth
 + Level 0.6 Spellcasting
 + Level 0.5 Conjurations
 + Level 0.1 Evocations


You had 8 spell levels left.
You knew the following spells:

 Your Spells              Type           Power        Failure   Level  Hunger
a - Magic Dart            Conj           #...         38%         1    ##.....


Dungeon Overview and Level Annotations

Branches:
Dungeon (8/15)             Temple (1/1) D:7
   Lair: D:8-11

Altars:
Ashenzari
Cheibriados
Elyvilon
Gozag
Makhleb
Okawaru
Pakellas
Qazlal
Ru
Trog
Vehumet
Xom
Yredelemnul
Zin

Shops:
D:4 (   D:7 [

Annotations:
D:8 Britaniac's ghost, novice GrEE; Psyche


Innate Abilities, Weirdness & Mutations

You reflexively headbutt those who attack you in melee.
You have a pair of horns on your head.


Message History

Your headbutt misses something.
You hear some strange, mumbled words.
A rocky blast appears from out of thin air!
The rocky blast misses you.
You sock something!
Nothing appears to happen.
Something hits you! x2
You hit something but do no damage. Something hits you.
You closely miss something. You headbutt something.
Something hits you but does no damage. Something hits you but does no damage.
A rocky blast appears from out of thin air!
The rocky blast misses you.
You hear some strange, mumbled words.
The wall shatters!
The blast of rock fragments hits something.
The blast of rock fragments hits you!
* * * LOW HITPOINT WARNING * * *
You hear some strange, mumbled words.
A stone arrow appears from out of thin air!
The stone arrow hits you!
You die...

#.##.##.####.# #.#
#............####.######
##.#.##.######...#......
##.######.##.######
#.........##.#
##........##.######
#..########......# #..#
######.# #@.# #.# #..#
#.# #..# #.. #..#######
#.# <.......<# #..
#..#####.# #.. #..#
#.#######.. #..#
#.......... #########.#


There were no monsters in sight!

Vanquished Creatures
  Pikel (D:7)
  The ghost of cruasano the Skirmisher, an amateur DsAK of Lugonu (D:4)
  Sigmund (D:5)
  The ghost of simples the Chopper, an amateur MiBe of Trog (D:3)
  A human (D:7)
  Menkaure (D:6)
  An orc warrior (D:6)
  A phantom (D:6)
  2 centaurs (D:6)
  2 ogres (D:5)
  A giant frog (D:6)
  A scorpion (D:7)
  A howler monkey (D:4)
  3 crimson imps
  A gnoll shaman (D:4)
  4 jellies
  5 hounds
  An orc priest (D:3)
  Crazy Yiuf (D:7)
  2 orc wizards
  Jessica (D:3)
  Terence (D:2)
  An iguana (D:6)
  4 worker ants
  A killer bee zombie (D:7)
  4 sheep (D:7)
  Robin (D:4)
  5 gnolls (D:4)
  A howler monkey skeleton (D:4)
  7 adders
  3 river rats (Sewer)
  2 shadow imps (D:7)
  5 worms
  4 dart slugs
  6 giant geckos
  13 orcs
  5 bats
  11 giant cockroaches
  16 goblins
  7 hobgoblins
  3 jackals (D:1)
  4 quokkas
  5 ball pythons
  A giant gecko skeleton (D:5)
  11 giant newts
  4 kobolds
  A quokka skeleton (D:4)
  2 quokka zombies (D:6)
  17 rats
178 creatures vanquished.

Vanquished Creatures (others)
  An ogre (D:7)
  A slave (D:7)
  2 jellies
  An adder (D:7)
5 creatures vanquished.

Grand Total: 183 creatures vanquished

Notes
Turn   | Place    | Note
--------------------------------------------------------------
     0 | D:1      | Gagarin the Minotaur Gladiator began the quest for the Orb.
     0 | D:1      | Reached XP level 1. HP: 18/18 MP: 0/0
   144 | D:1      | Reached XP level 2. HP: 25/25 MP: 1/1
   147 | D:1      | Reached skill level 4 in Staves
   411 | D:2      | Found a shattered altar of Ashenzari.
   447 | D:2      | Noticed Terence
   460 | D:2      | Killed Terence
   460 | D:2      | Reached XP level 3. HP: 23/30 MP: 2/2
   796 | D:2      | Reached XP level 4. HP: 22/38 MP: 3/3
  1065 | D:3      | Found a glowing drain.
  1083 | D:3      | Reached skill level 5 in Staves
  1094 | Sewer    | Entered a sewer
  1643 | D:3      | Noticed simples's ghost (amateur MiBe)
  1679 | D:4      | Found an opulent altar of Gozag.
  1808 | D:4      | Reached skill level 1 in Armour
  1808 | D:4      | Reached XP level 5. HP: 23/45 MP: 4/4
  1824 | D:4      | HP: 1/45 [worm (9)]
  2521 | D:3      | Noticed Jessica
  2532 | D:3      | Killed Jessica
  2574 | D:3      | Found an oddly glowing altar of Pakellas.
  2574 | D:3      | Noticed an orange crystal statue
  3210 | D:4      | Noticed cruasano's ghost (amateur DsAK)
  3252 | D:3      | Reached XP level 6. HP: 45/52 MP: 5/5
  3333 | D:3      | Killed simples's ghost
  3333 | D:3      | Reached skill level 5 in Dodging
  3693 | D:4      | Killed cruasano's ghost
  3693 | D:4      | Reached skill level 5 in Fighting
  3693 | D:4      | Reached skill level 6 in Staves
  3693 | D:4      | Reached skill level 1 in Stealth
  3693 | D:4      | Reached XP level 7. HP: 15/61 MP: 6/6
  4354 | D:4      | Learned a level 1 spell: Magic Dart
  4471 | D:4      | Found Vool Wua's Antique Weapon Emporium.
  4495 | D:4      | Noticed Robin
  4510 | D:4      | Killed Robin
  5253 | D:5      | Entered Level 5 of the Dungeon
  5253 | D:5      | Noticed Sigmund
  5263 | D:5      | Killed Sigmund
  5263 | D:5      | Reached skill level 7 in Staves
  5263 | D:5      | Reached XP level 8. HP: 58/70 MP: 7/7
  5572 | D:5      | Got a faintly glowing silver ring
  6416 | D:6      | Identified the ring "Rojidgh" {SustAt rElec rC+ Dex-2} (You found it on level 5 of the Dungeon)
  6464 | D:6      | Noticed Menkaure
  6468 | D:6      | Killed Menkaure
  6468 | D:6      | Reached skill level 8 in Staves
  6955 | D:6      | Reached XP level 9. HP: 22/78 MP: 8/8
  7472 | D:6      | Reached skill level 5 in Armour
  7721 | D:7      | Found Joyn's Antique Armour Emporium.
  7851 | D:7      | Noticed Pikel
  7874 | D:7      | Killed Pikel
  8129 | D:7      | Found a staircase to the Ecumenical Temple.
  8157 | Temple   | Entered the Ecumenical Temple
  8164 | Temple   | Became a worshipper of Qazlal Stormbringer
  8392 | D:7      | Noticed Crazy Yiuf
  8398 | D:7      | Killed Crazy Yiuf
  8603 | D:8      | Noticed Britaniac's ghost (novice GrEE)
  8610 | D:8      | Noticed Psyche
  8628 | D:8      | Killed from afar by Britaniac's ghost

Skill      XL: |  1  2  3  4  5  6  7  8  9 |
---------------+----------------------------+-----
Staves         | 4 5 6 7 8 |  8.9
Dodging        | 4 5 6 7 |  7.9
Fighting       | 3 4 5 6 7 |  7.9
Armour         | 1 2 3 4 5 |  5.3
Stealth        | 1 3 4 |  4.1
Throwing       | |  2.3
Spellcasting   | |  0.6
Conjurations   | |  0.5
Evocations     | |  0.1

Action                   |  1- 3 |  4- 6 |  7- 9 || total
-------------------------+-------+-------+-------++-------
Melee: Quarterstaff      |    71 |   159 |   273 ||   503
       Headbutt          |     8 |    26 |    49 ||    83
       Staff             |       |    21 |    14 ||    35
Throw: Throwing net      |     3 |     2 |     1 ||     6
 Cast: Magic Dart        |       |       |     2 ||     2
Evoke: Wand              |       |       |     1 ||     1
  Use: Potion            |       |     4 |     1 ||     5
       Scroll            |       |     2 |     7 ||     9
 Stab: Sleeping          |       |     2 |     9 ||    11
       Distracted        |       |     2 |     1 ||     3
       Paralysed         |       |       |     1 ||     1
  Eat: Chunk             |       |     9 |    15 ||    24
       Fruit             |       |       |     2 ||     2
Armor: Leather armour    |    17 |    31 |    22 ||    70
Dodge: Dodged            |    42 |   117 |   180 ||   339
